 Dungeon Crawl Stone Soup version 0.25.1-2-g60ff931df9 (webtiles) character file.

Game seed: 2003998904077955252

132 hawla the Chopper (level 4, -2/41 HPs)
             Began as a Minotaur Berserker on Oct 10, 2020.
             Was a Believer of Trog.
             Slain by a killer bee (3 damage)
             ... on level 6 of the Dungeon.
             The game lasted 00:05:31 (2429 turns).

hawla the Chopper (Minotaur Berserker)              Turns: 2429, Time: 00:05:31

Health: -2/41      AC:  5    Str: 19 (22) XL:     4   Next: 92%
Magic:  3/3        EV: 12    Int:  1 (4)  God:    Trog [**....]
Gold:   38         SH:  0    Dex:  7 (10) Spells: 3/3 levels left

rFire    . . .     SeeInvis .   v - +0 war axe
rCold    . . .     Gourm    .   (no shield)
rNeg     . . .     Faith    .   f - +0 leather armour
rPois    .         Spirit   .   (helmet restricted)
rElec    .         Reflect  .   (no cloak)
rCorr    .         Harm     .   (no gloves)
MR       .....                  q - +1 pair of boots
Stlth    +.........             (no amulet)
HPRegen  0.13/turn              (no ring)
MPRegen  0.08/turn              (no ring)

@: lethally poisoned (-2 -> -12), stab
A: retaliatory headbutt, horns 2
a: Berserk, Trog's Hand, Renounce Religion


You were on level 6 of the Dungeon.
You worshipped Trog.
Trog was pleased with you.
You were not hungry.

You visited 1 branch of the dungeon, and saw 4 of its levels.

You collected 74 gold pieces.
You spent 36 gold pieces at shops.

Inventory:

Hand Weapons
 v - a +0 war axe (weapon)
Missiles
 a - 6 poisoned darts (quivered)
Armour
 f - a +0 leather armour (worn)
 i - a +0 plate armour
 q - a +1 pair of boots (worn)
 t - a +0 ring mail
 w - a +0 scale mail
Jewellery
 b - an uncursed ring of protection from fire {unknown}
 d - an uncursed amulet of guardian spirit
Wands
 x - a wand of disintegration (20)
Scrolls
 e - a scroll of teleportation
 g - a scroll of magic mapping
 h - 2 scrolls of remove curse
 j - a scroll of fear
 l - a scroll of enchant weapon {unknown}
 p - 4 scrolls of identify
 r - a scroll of fog {unknown}
 s - 2 scrolls of enchant armour {unknown}
 y - a scroll of random uselessness {unknown}
Potions
 m - a potion of cancellation
Comestibles
 c - 5 rations
 k - 7 chunks of flesh


   Skills:
 + Level 4.6 Fighting
 + Level 5.0 Axes
 + Level 2.8 Armour
 * Level 3.6 Dodging


You had 3 spell levels left.
You didn't know any spells.
Your spell library was empty.

Dungeon Overview and Level Annotations

Branches:
Dungeon (3/15)

Altars:

Shops:
D:6 %*

Annotations:
D:1 treasure room


Innate Abilities, Weirdness & Mutations

You reflexively headbutt those who attack you in melee.
You have a pair of horns on your head.


Message History

You are lethally poisoned!
The killer bee poisons you! The killer bee barely misses you.
You barely miss the killer bee.
The killer bee is almost dead.
* * * LOW HITPOINT WARNING * * *
You feel sick. The killer bee misses you. The killer bee barely misses you.
The killer bee stings you but does no damage.
Unknown command.
It was a potion of degeneration.
There was something very wrong with that liquid.
You feel weakened.
You feel dopey.
You feel clumsy.
* * * LOW HITPOINT WARNING * * *
You feel sick. The killer bee stings you.
* * * LOW HITPOINT WARNING * * *
The killer bee closely misses you.
It was a potion of stabbing.
You feel ready to backstab.
* * * LOW HITPOINT WARNING * * *
You feel sick. The killer bee stings you.
You die...

#.....[#.....#......
#......##...##......
#......###.###......
##+####.###.##.##.###...
..!......###.#.#.###...#
...?......####.####....+
..............⌠........#
<.........####.####....#
.......@.###.#.
######+y###.##.
.....###. ......##..
.......#... #...........
#.......#...
#.......#...


You could see a killer bee.

Vanquished Creatures
  A worker ant (D:6)
  A worker ant zombie (D:6)
  3 adders
  An ooze (D:2)
  2 worms
  A leopard gecko (D:3)
  2 orcs
  A giant cockroach (D:3)
  6 hobgoblins
  9 jackals
  3 quokkas
  6 bats
  4 frilled lizards
  5 goblins
  5 kobolds
  6 rats
56 creatures vanquished.

Notes
Turn   | Place    | Note
-------+----------+-------------------------------------------
     0 | D:1      | hawla the Minotaur Berserker began the quest for the Orb.
     0 | D:1      | Reached XP level 1. HP: 19/19 MP: 0/0
   404 | D:1      | Reached XP level 2. HP: 27/27 MP: 1/1
  1030 | D:2      | Reached skill level 4 in Axes
  1055 | D:2      | Reached ** piety under Trog
  1058 | D:2      | Reached XP level 3. HP: 19/34 MP: 2/2
  1428 | D:2      | Found a faded altar of an unknown god.
  1929 | D:3      | Reached XP level 4. HP: 38/41 MP: 3/3
  2276 | D:3      | You fall into a shaft and drop 3 floors!
  2276 | D:6      | Found Muddiama's Food Boutique.
  2279 | D:6      | Found Fuhuorgho's General Store.
  2287 | D:6      | Bought 6 poisoned darts for 36 gold pieces
  2378 | D:6      | Reached skill level 5 in Axes
  2428 | D:6      | HP: 2/41 [killer bee (4)]
  2429 | D:6      | Slain by a killer bee

Illustrated notes

Levels and vault maps discovered:
D:1:      psy_arrival_basics, layout_loops_corners, due_unseen_surprise
D:2:      layout_basic, chequers_ecumenical_altar_twisty
D:3:      layout_rooms, yredelemnul_altar_generic
D:6:      black_bear_nest_1, layout_gridville, basic_altar, serial_shops, shop,
          nicolae_shop_crystal, shop, shop, nicolae_shop_waterfront, kb_rosetta

Skill      XL: |  1  2  3  4 |
---------------+-------------+-----
Fighting       | 4 |  4.6
Axes           | 4 5 |  5.0
Dodging        | 3 |  3.6
Armour         | |  2.8

Action                   |  1- 3 |  4- 6 || total
-------------------------+-------+-------++-------
Melee: Hand axe          |    87 |    24 ||   111
       Headbutt          |    13 |     8 ||    21
       War axe           |       |    21 ||    21
  Use: Scroll            |     8 |       ||     8
       Potion            |       |     4 ||     4
  Eat: Chunk             |     3 |     2 ||     5
Armor: Animal skin       |     1 |       ||     1
       Leather armour    |    30 |    12 ||    42
Dodge: Dodged            |    56 |    44 ||   100
